3A
ROCKY MOUNTAIN VIBES @ IDAHO FALLS CHUKARS
08/29/2052
 
TOP OF THE 1ST
Rocky Mountain Vibes batting - Pitching for Idaho Falls Chukars : RHP Ernest Morales
Pitching: RHP Ernest Morales
Batting: RHB José Escalante 0-0: Foul Ball, location: 2F
0-1: Ball
1-1: Fly out, F9 (Flyball, 9LSF, EV 74.4 MPH)
Batting: LHB Ken Stjerna 0-0: Fly out, F9 (Flyball, 9, EV 86.2 MPH)
Batting: SHB George Hudson 0-0: Swinging Strike
0-1: Swinging Strike
0-2: SINGLE (Groundball, 6MD, EV 96.9 MPH)
Batting: RHB Mitsuhide Yamamoto 0-0: Called Strike
0-1: Ball
1-1: Ball
2-1: Swinging Strike
2-2: Foul Ball, location: 2F
2-2: Ball
3-2: Base on Balls
George Hudson to second
Batting: RHB Don Whitley 0-0: SINGLE (Line Drive, 34D, EV 101.9 MPH)
George Hudson to third
Mitsuhide Yamamoto to second
Batting: LHB Virgil Haynes 0-0: Fielders Choice at 2nd, 6-4 (Groundball, 6, EV 106.2 MPH)
Top of the 1st over - 0 runs, 2 hits, 0 errors, 3 left on base; Rocky Mountain 0 - Idaho Falls 0
BOTTOM OF THE 1ST
Idaho Falls Chukars batting - Pitching for Rocky Mountain Vibes : RHP Gerry Wells
Pitching: RHP Gerry Wells
Batting: RHB Ricardo Landata 0-0: Ball
1-0: Foul Ball, location: 2F
1-1: Ball
2-1: Ground out 5-3 (Groundball, 5, EV 105.0 MPH)
Batting: RHB Al Thurman 0-0: Called Strike
0-1: Called Strike
0-2: Strikes out swinging
Batting: LHB Joe Henderson 0-0: Ball
1-0: Called Strike
1-1: Called Strike
1-2: Strikes out looking
Bottom of the 1st over - 0 runs, 0 hits, 0 errors, 0 left on base; Rocky Mountain 0 - Idaho Falls 0
TOP OF THE 2ND
Rocky Mountain Vibes batting - Pitching for Idaho Falls Chukars : RHP Ernest Morales
Batting: RHB Jeremy Blanchard 0-0: Called Strike
0-1: Fly out, F7 (Flyball, 7, EV 92.5 MPH)
Batting: RHB José Ledesma 0-0: DOUBLE (Line Drive, 3D, EV 105.6 MPH)
Batting: RHB Cam McIntosh 0-0: Ground out 5-3 (Groundball, 56, EV 90.0 MPH)
Batting: RHB José Escalante 0-0: Called Strike
0-1: Ball
1-1: Ground out 1-3 (Groundball, 13S, EV 69.4 MPH)
Top of the 2nd over - 0 runs, 1 hit, 0 errors, 1 left on base; Rocky Mountain 0 - Idaho Falls 0
BOTTOM OF THE 2ND
Idaho Falls Chukars batting - Pitching for Rocky Mountain Vibes : RHP Gerry Wells
Batting: RHB Lanny Coleman 0-0: Called Strike
0-1: Foul Ball, location: 2F
0-2: Ball
1-2: Foul Ball, location: 2F
1-2: Ball
2-2: Foul Ball, location: 2F
2-2: Ground out 6-3 (Groundball, 6, EV 81.9 MPH)
Batting: LHB Alan Parker 0-0: Called Strike
0-1: Foul Ball, location: 2F
0-2: Fly out, F9 (Flyball, 9, EV 85.0 MPH)
Batting: RHB Juan Miranda 0-0: Called Strike
0-1: Foul Ball, location: 2F
0-2: Foul Ball, location: 2F
0-2: Ball
1-2: Foul Ball, location: 2F
1-2: Ball
2-2: Ball
3-2: Ground out 1-3 (Groundball, 34S, EV 67.5 MPH)
Bottom of the 2nd over - 0 runs, 0 hits, 0 errors, 0 left on base; Rocky Mountain 0 - Idaho Falls 0
TOP OF THE 3RD
Rocky Mountain Vibes batting - Pitching for Idaho Falls Chukars : RHP Ernest Morales
Batting: LHB Ken Stjerna 0-0: Called Strike
0-1: Called Strike
0-2: Ball
1-2: Ball
2-2: Foul Ball, location: 2F
2-2: Foul Ball, location: 2F
2-2: Strikes out looking
Batting: SHB George Hudson 0-0: Foul Ball, location: 2F
0-1: Called Strike
0-2: Ball
1-2: Ball
2-2: SINGLE (Line Drive, 56D, EV 100.6 MPH)
Batting: RHB Mitsuhide Yamamoto 0-0: Called Strike
0-1: Ball
1-1: Fly out, F3 (Popup, 34S, EV 79.4 MPH)
Batting: RHB Don Whitley 0-0: Called Strike
George Hudson steals 2nd base
0-1: Ball
1-1: 2-RUN HOME RUN (Flyball, 7D, EV 100.0 MPH), Distance : 399 ft
Batting: LHB Virgil Haynes 0-0: Foul Ball, location: 2F
0-1: Ball
1-1: Ball
2-1: Foul Ball, location: 2F
2-2: Strikes out swinging
Top of the 3rd over - 2 runs, 2 hits, 0 errors, 0 left on base; Rocky Mountain 2 - Idaho Falls 0
BOTTOM OF THE 3RD
Idaho Falls Chukars batting - Pitching for Rocky Mountain Vibes : RHP Gerry Wells
Batting: LHB Dave Thomas 0-0: Called Strike
0-1: Ball
1-1: Foul Ball, location: 2F
1-2: Strikes out swinging
Batting: LHB Ed Middleton 0-0: Called Strike
0-1: Ground out U3 (Groundball, 3S, EV 63.8 MPH)
Batting: SHB Tyler Lane 0-0: Foul Ball, location: 2F
0-1: Foul Ball, location: 2F
0-2: SINGLE (Flyball, 6MD, EV 82.5 MPH)
Batting: RHB Ricardo Landata 0-0: Ground out 1-3 (Groundball, 13S, EV 66.9 MPH)
Bottom of the 3rd over - 0 runs, 1 hit, 0 errors, 1 left on base; Rocky Mountain 2 - Idaho Falls 0
TOP OF THE 4TH
Rocky Mountain Vibes batting - Pitching for Idaho Falls Chukars : RHP Ernest Morales
Batting: RHB Jeremy Blanchard 0-0: SINGLE (Line Drive, 5D, EV 99.4 MPH)
Batting: RHB José Ledesma 0-0: Swinging Strike
0-1: Ball
1-1: Fly out, F8 (Flyball, 8LM, EV 89.4 MPH)
Batting: RHB Cam McIntosh 0-0: Ball
1-0: Called Strike
1-1: Swinging Strike
1-2: Ball
2-2: Foul Ball, location: 2F
2-2: Strikes out looking
Batting: RHB José Escalante 0-0: Ball
Jeremy Blanchard is caught stealing 2nd base 2-4
Top of the 4th over - 0 runs, 1 hit, 0 errors, 0 left on base; Rocky Mountain 2 - Idaho Falls 0
BOTTOM OF THE 4TH
Idaho Falls Chukars batting - Pitching for Rocky Mountain Vibes : RHP Gerry Wells
Batting: RHB Al Thurman 0-0: Ball
1-0: Called Strike
1-1: Swinging Strike
1-2: Ball
2-2: Strikes out swinging
Pitching: LHP Rafael Feliciano
Batting: LHB Joe Henderson 0-0: SINGLE (Groundball, 6MD, EV 95.0 MPH)
Batting: RHB Lanny Coleman 0-0: Ball
1-0: Swinging Strike
1-1: Foul Ball, location: 2F
1-2: Strikes out looking
Batting: LHB Alan Parker 0-0: Called Strike
Joe Henderson is caught stealing 2nd base 2-6
Bottom of the 4th over - 0 runs, 1 hit, 0 errors, 0 left on base; Rocky Mountain 2 - Idaho Falls 0
TOP OF THE 5TH
Rocky Mountain Vibes batting - Pitching for Idaho Falls Chukars : RHP Ernest Morales
Batting: RHB José Escalante 0-0: Ball
1-0: Foul Ball, location: 2F
1-1: Fly out, F3 (Popup, 3SF, EV 82.5 MPH)
Batting: LHB Ken Stjerna 0-0: Foul Ball, location: 2F
0-1: Foul Ball, location: 2F
0-2: Ball
1-2: Strikes out looking
Batting: SHB George Hudson 0-0: Ball
1-0: Ball
2-0: Ball
3-0: Called Strike
3-1: Fly out, F7 (Line Drive, 78S, EV 100.6 MPH)
Top of the 5th over - 0 runs, 0 hits, 0 errors, 0 left on base; Rocky Mountain 2 - Idaho Falls 0
BOTTOM OF THE 5TH
Idaho Falls Chukars batting - Pitching for Rocky Mountain Vibes : LHP Rafael Feliciano
Batting: LHB Alan Parker 0-0: Called Strike
0-1: Fly out, F8 (Flyball, 8RD, EV 94.4 MPH)
Batting: RHB Juan Miranda 0-0: Ground out 6-3 (Groundball, 6S, EV 64.4 MPH)
Batting: LHB Dave Thomas 0-0: Called Strike
0-1: Called Strike
0-2: Foul Ball, location: 2F
0-2: Foul Ball, location: 2F
0-2: Foul Ball, location: 2F
0-2: Strikes out swinging
Bottom of the 5th over - 0 runs, 0 hits, 0 errors, 0 left on base; Rocky Mountain 2 - Idaho Falls 0
TOP OF THE 6TH
Rocky Mountain Vibes batting - Pitching for Idaho Falls Chukars : RHP Ernest Morales
Batting: RHB Mitsuhide Yamamoto 0-0: Ball
1-0: Ball
2-0: Ball
3-0: Base on Balls
Batting: RHB Don Whitley 0-0: Called Strike
0-1: Ball
1-1: Ball
2-1: Swinging Strike
2-2: Grounds into double play, 6-4-3 (Groundball, 6, EV 97.5 MPH)
Batting: LHB Virgil Haynes 0-0: Ball
1-0: Ball
2-0: Called Strike
2-1: SINGLE (Groundball, 56D, EV 103.8 MPH)
Batting: RHB Jeremy Blanchard 0-0: Swinging Strike
0-1: Foul Ball, location: 2F
0-2: Strikes out swinging
Top of the 6th over - 0 runs, 1 hit, 0 errors, 1 left on base; Rocky Mountain 2 - Idaho Falls 0
BOTTOM OF THE 6TH
Idaho Falls Chukars batting - Pitching for Rocky Mountain Vibes : LHP Rafael Feliciano
Batting: LHB Ed Middleton 0-0: Called Strike
0-1: Swinging Strike
0-2: Ball
1-2: Strikes out looking
Batting: SHB Tyler Lane 0-0: Fly out, F7 (Line Drive, 7, EV 100.0 MPH)
Batting: RHB Ricardo Landata 0-0: Ball
1-0: Swinging Strike
1-1: Ball
2-1: Ball
3-1: Called Strike
3-2: Foul Ball, location: 2F
3-2: Base on Balls
Batting: RHB Al Thurman 0-0: Fly out, F8 (Flyball, 78S, EV 76.2 MPH)
Bottom of the 6th over - 0 runs, 0 hits, 0 errors, 1 left on base; Rocky Mountain 2 - Idaho Falls 0
TOP OF THE 7TH
Rocky Mountain Vibes batting - Pitching for Idaho Falls Chukars : RHP Ernest Morales
Pitching: LHP Christian Martin
Batting: RHB José Ledesma 0-0: Called Strike
0-1: Ground out 5-3 (Groundball, 25, EV 87.5 MPH)
Batting: RHB Cam McIntosh 0-0: Ball
1-0: Ball
2-0: Ball
3-0: Called Strike
3-1: Base on Balls
Batting: RHB José Escalante 0-0: Ball
1-0: Foul Ball, location: 2F
1-1: Swinging Strike
1-2: SINGLE (Groundball, 34, EV 98.1 MPH)
Cam McIntosh to second
Batting: LHB Ken Stjerna 0-0: Called Strike
0-1: DOUBLE (Flyball, 78D, EV 93.1 MPH)
Cam McIntosh scores
José Escalante to third
Batting: SHB George Hudson 0-0: Ball
1-0: Ball
2-0: Ball
3-0: Called Strike
3-1: Called Strike
3-2: 3-RUN HOME RUN (Line Drive, 7D, EV 111.9 MPH), Distance : 408 ft
Pitching: RHP Ramón Álvarez
Batting: RHB Mitsuhide Yamamoto 0-0: Ball
1-0: Ball
2-0: Ball
3-0: Called Strike
3-1: Foul Ball, location: 2F
3-2: Foul Ball, location: 2F
3-2: Strikes out swinging
Batting: RHB Don Whitley 0-0: Ball
1-0: Fly out, F8 (Flyball, 78M, EV 90.0 MPH)
Top of the 7th over - 4 runs, 3 hits, 0 errors, 0 left on base; Rocky Mountain 6 - Idaho Falls 0
BOTTOM OF THE 7TH
Idaho Falls Chukars batting - Pitching for Rocky Mountain Vibes : LHP Rafael Feliciano
Batting: LHB Joe Henderson 0-0: Ball
1-0: Foul Ball, location: 2F
1-1: Ball
2-1: Called Strike
2-2: SOLO HOME RUN (Line Drive, 89XD, EV 109.4 MPH), Distance : 423 ft
Batting: RHB Lanny Coleman 0-0: Ball
1-0: Swinging Strike
1-1: Called Strike
1-2: Strikes out swinging
Pinch Hitting: RHB Pepe González 0-0: Ball
1-0: Ball
2-0: Ball
3-0: Base on Balls
Batting: RHB Juan Miranda 0-0: Ball
1-0: Foul Ball, location: 2F
1-1: Called Strike
1-2: Ball
2-2: Foul Ball, location: 2F
2-2: Strikes out swinging
Batting: LHB Dave Thomas 0-0: Ball
1-0: Foul Ball, location: 2F
1-1: Fly out, F8 (Flyball, 8RXD, EV 107.5 MPH)
Bottom of the 7th over - 1 run, 1 hit, 0 errors, 1 left on base; Rocky Mountain 6 - Idaho Falls 1
TOP OF THE 8TH
Rocky Mountain Vibes batting - Pitching for Idaho Falls Chukars : RHP Ramón Álvarez
Now at 3B: Pepe González
Batting: LHB Virgil Haynes 0-0: Called Strike
0-1: Ball
1-1: Swinging Strike
1-2: Ball
2-2: Foul Ball, location: 2F
2-2: Ball
3-2: Fly out, F9 (Flyball, 89M, EV 89.4 MPH)
Batting: RHB Jeremy Blanchard 0-0: SINGLE (Line Drive, 6MD, EV 95.6 MPH)
Batting: RHB José Ledesma 0-0: Ball
1-0: Ball
2-0: Called Strike
2-1: Ball
3-1: Called Strike
3-2: Fly out, F3 (Popup, 3SF, EV 70.0 MPH)
Batting: RHB Cam McIntosh 0-0: Ball
1-0: Fielders Choice at 2nd, 6-4 (Groundball, 6, EV 91.2 MPH)
Top of the 8th over - 0 runs, 1 hit, 0 errors, 1 left on base; Rocky Mountain 6 - Idaho Falls 1
BOTTOM OF THE 8TH
Idaho Falls Chukars batting - Pitching for Rocky Mountain Vibes : LHP Rafael Feliciano
Batting: LHB Ed Middleton 0-0: Ball
1-0: Ball
2-0: Called Strike
2-1: Ground out 6-3 (Groundball, 56, EV 98.1 MPH)
Batting: SHB Tyler Lane 0-0: Foul Ball, location: 2F
0-1: Ball
1-1: Ball
2-1: Ball
3-1: SOLO HOME RUN (Line Drive, 7LD, EV 96.2 MPH), Distance : 379 ft
Batting: RHB Ricardo Landata 0-0: Ball
1-0: Ground out U3 (Groundball, 3, EV 104.4 MPH)
Batting: RHB Al Thurman 0-0: Ball
1-0: Ball
2-0: Foul Ball, location: 2F
2-1: Ball
3-1: Fly out, F4 (Popup, 23, EV 85.6 MPH)
Bottom of the 8th over - 1 run, 1 hit, 0 errors, 0 left on base; Rocky Mountain 6 - Idaho Falls 2
TOP OF THE 9TH
Rocky Mountain Vibes batting - Pitching for Idaho Falls Chukars : RHP Ramón Álvarez
Pitching: RHP Jesús Pérez
Batting: RHB José Escalante 0-0: Ball
1-0: Ground out 4-3 (Groundball, 4S, EV 87.5 MPH)
Batting: LHB Ken Stjerna 0-0: Foul Ball, location: 2F
0-1: Foul Ball, location: 2F
0-2: Ball
1-2: Strikes out swinging
Batting: SHB George Hudson 0-0: Foul Ball, location: 2F
0-1: Called Strike
0-2: Ball
1-2: Reached on error, E5 (Groundball, 56S, EV 85.6 MPH)
Batting: RHB Mitsuhide Yamamoto 0-0: Ground out 1-3 (Groundball, 13S, EV 69.4 MPH)
Top of the 9th over - 0 runs, 0 hits, 1 error, 1 left on base; Rocky Mountain 6 - Idaho Falls 2
BOTTOM OF THE 9TH
Idaho Falls Chukars batting - Pitching for Rocky Mountain Vibes : LHP Rafael Feliciano
Pitching: RHP Sean Hamilton
Batting: LHB Joe Henderson 0-0: Foul Ball, location: 2F
0-1: Ball
1-1: Foul Ball, location: 2F
1-2: Ball
2-2: Strikes out swinging
Batting: RHB Lanny Coleman 0-0: Called Strike
0-1: Swinging Strike
0-2: Ball
1-2: Ground out 5-3 (Groundball, 56S, EV 85.6 MPH)
Batting: RHB Pepe González 0-0: Ball
1-0: Foul Ball, location: 2F
1-1: Ball
2-1: Ground out 6-3 (Groundball, 6, EV 100.0 MPH)
Bottom of the 9th over - 0 runs, 0 hits, 0 errors, 0 left on base; Rocky Mountain 6 - Idaho Falls 2
Tuesday, October 10th , 2023 - OOTP Baseball 23.10 Build 110